Map: Mist Opportunities

Players

MagnusDrex

  • Race: Terran Terran

NamroodTuo

  • Race: Zerg Zerg

VOD

Have the link to the VOD?

Description

Time

  • Played on: Jan. 6, 2023, 3:08 p.m.
  • Length: 30:06
Show
View Real Time Build Order
Export as new Build Order

MagnusDrex Terran 

Build Orders:  

Get SALT Encoding   

  12  0:05  Starport Tech Lab  
  12  0:21  Assault Galleon  
  12  1:01  Refinery  
  12  1:09  Supply Depot  
  12  1:17  SCV  
  13  1:33  Refinery  
  13  1:40  Supply Depot  
  13  1:46  SCV  
  14  2:03  SCV  
  15  2:20  SCV, Supply Depot  
  16  2:37  SCV  
  17  2:54  SCV, Armory  
  18  3:11  SCV  
  19  3:28  SCV  
  20  3:43  Reaper  
  20  3:44  SCV  
  22  3:57  Reaper  
  23  4:01  SCV  
  23  4:09  Fusion Core  
  24  4:11  Reaper  
  24  4:18  SCV  
  26  4:24  Reaper  
  27  4:35  SCV  
  27  4:38  Reaper  
  29  4:52  SCV  
  29  4:55  Reaper  
  31  5:09  SCV, Reaper  
  33  5:23  Reaper  
  33  5:25  Assault Galleon  
  33  5:26  SCV  
  36  5:40  Drone Hangar  
  39  6:26  Strike Fighter Platform  
  39  6:40  Reaper  
  39  6:47  Supply Depot  
  40  7:17  Reaper  
  41  7:20  Supply Depot  
  41  7:31  Reaper  
  42  7:45  Reaper  
  42  7:49  Assault Galleon  
  43  7:51  Horner Weapons Level 1  
  43  7:52  Supply Depot  
  43  7:58  Drone Hangar  
  46  8:23  Supply Depot  
  46  8:47  Reaper  
  47  8:51  Assault Galleon  
  47  8:52  Drone Hangar  
  47  8:55  Supply Depot  
  47  8:58  Reaper  
  51  9:01  Reaper  
  52  9:11  Reaper  
  52  9:15  Reaper  
  54  9:25  Reaper  
  54  9:29  Reaper  
  56  9:39  Reaper  
  57  9:43  Reaper  
  58  9:52  Assault Galleon  
  58  9:58  Drone Hangar  
  61  10:20  Engineering Bay  
  61  10:31  Horner Armor Level 1  
  61  11:16  Supply Depot  
  61  11:22  Drone Hangar  
  64  11:49  Supply Depot  
  64  11:52  Reaper x4  
  68  12:06  Reaper x4  
  75  12:20  Reaper x4, Supply Depot  
  72  12:22  Reaper  
  77  12:33  Reaper  
  77  12:34  Reaper x3  
  77  12:36  Reaper  
  82  12:47  Reaper  
  82  12:48  Reaper x3  
  86  12:50  Reaper  
  86  12:52  Supply Depot  
  87  13:01  Reaper  
  87  13:02  Reaper x3  
  87  13:04  Reaper  
  92  13:11  Horner Weapons Level 2  
  92  13:15  Reaper  
  92  13:16  Reaper  
  94  13:26  Supply Depot  
  94  13:41  Reaper  
  94  13:42  Reaper x4  
  99  13:55  Reaper x2  
  99  13:56  Reaper x3  
  99  13:57  Supply Depot  
  104  14:08  LE9 Cluster Charges  
  104  14:09  Reaper x2  
  106  14:10  Reaper x3  
  109  14:28  Supply Depot  
  108  15:00  Supply Depot  
  108  15:31  Supply Depot  
  108  15:50  Reaper  
  108  15:51  Reaper x4  
  112  16:03  Supply Depot  
  112  16:04  Reaper x2  
  112  16:05  Reaper x3  
  117  16:18  Reaper x2  
  117  16:19  Reaper x3  
  122  16:32  Reaper x2  
  122  16:33  Reaper x3  
  127  16:46  Reaper x3  
  127  16:47  Reaper x2  
  129  17:00  Reaper x3  
  129  17:01  Reaper x2  
  131  17:14  Reaper x3  
  131  17:15  Reaper x2  
  135  17:28  Reaper x3  
  135  17:29  Reaper x2  
  139  18:19  Jetpack Overdrive  
  139  18:26  Horner Weapons Level 3  
  139  18:36  Supply Depot  
  139  19:09  Supply Depot  
  139  19:13  Reaper x4  
  139  19:14  Reaper  
  144  19:27  Reaper x4  
  144  19:28  Reaper  
  149  19:45  Supply Depot  
  149  20:16  Supply Depot  
  149  20:19  Black Market Launchers  
  149  20:48  Supply Depot  
  149  21:19  Executioner Missiles  
  149  21:20  Supply Depot  
  149  21:52  Supply Depot  
  149  22:06  Horner Armor Level 2  
  149  22:19  Aerosol Stim Emitters  
  149  22:23  Supply Depot  
  149  23:19  Wildfire Explosives  
  149  24:23  Reaper x2  
  149  24:24  Reaper x3  
  154  24:37  Reaper x2  
  154  24:38  Reaper x2  
  159  24:43  Reaper  
  159  24:51  Reaper x2  
  159  24:52  Reaper x2  
  159  24:57  Reaper  
  164  25:05  Reaper x2  
  164  25:06  Reaper x2  
  168  25:11  Reaper  
  168  25:17  Horner Armor Level 3  
  168  25:19  Reaper x2  
  171  25:20  Reaper x2  
  171  25:25  Reaper  
  171  25:27  W.I.L.D. Missiles  
  174  25:52  Sovereign Battlecruiser  
  174  25:56  Sovereign Battlecruiser  
  194  26:57  Tactical Jump  
  194  27:01  Reaper  
  194  27:02  Reaper x3  
  194  27:03  Reaper  
  199  27:15  Reaper  
  199  27:17  Reaper  
Show
View Real Time Build Order
Export as new Build Order

NamroodTuo Zerg 

Build Orders:  

Get SALT Encoding   

  12  0:02  Infested SCV  
  13  0:19  Overlord  
  13  0:25  Infested SCV  
  14  0:48  Infested Barracks  
  14  0:50  Infested SCV  
  14  0:54  Infested SCV  
  16  1:04  Overlord  
  16  1:10  Infested SCV  
  17  1:21  Infested SCV  
  18  1:42  Infested Engineering Bay  
  18  1:44  Infested SCV  
  19  2:07  Infestation Level 1  
  19  2:16  Infested SCV  
  19  2:18  Infested SCV, Infested Refinery  
  21  2:30  Infested Marine, Infested Refinery  
  21  2:31  Infested Marine  
  21  2:32  Infested Marine  
  21  2:38  Infested SCV  
  25  2:46  Overlord  
  25  3:01  Infested SCV  
  26  3:16  Infested SCV  
  27  3:21  Infested Marine  
  27  3:22  Infested Marine x3  
  27  3:23  Infested Marine  
  27  3:29  Overlord  
  32  3:48  Infested SCV  
  33  3:53  Regenerative Plating  
  33  4:05  Infested SCV  
  33  4:07  Anaerobic Enhancement  
  31  4:10  Infested Barracks Tech Lab  
  31  4:25  Infested Barracks  
  31  4:34  Infested SCV  
  31  4:36  Infested SCV  
  33  4:45  Infested Marine x2  
  33  4:46  Infested Marine x4  
  33  4:47  Infested Marine x4  
  38  5:23  Infestation Level 2  
  38  5:24  Infested SCV  
  38  5:25  Infested SCV x2  
  41  5:45  Stukov Infantry Weapons Level 1  
  41  5:54  Infested Barracks  
  41  6:01  Infested Barracks  
  41  6:11  Overlord x2  
  41  6:12  Overlord  
  41  6:19  Infested Marine  
  42  6:28  Retinal Augmentation  
  32  7:03  Infested Bunker  
  36  7:12  Infested Marine  
  36  7:13  Infested Marine x9  
  46  7:23  Infested Marine  
  46  7:24  Infested Marine x3  
  46  7:28  Plagued Munitions  
  50  7:57  Broodling Gestation  
  49  8:09  Infested Bunker  
  53  8:25  Stukov Infantry Armor Level 1  
  53  8:46  Infested Command Center  
  39  9:21  Infested Factory  
  43  9:33  Infested Bunker  
  43  10:27  Infested Armory  
  43  10:31  Infested SCV x3  
  46  10:55  Infested Bunker  
  50  11:02  Infested SCV x2  
  52  11:18  Infested Marine x8  
  60  11:22  Overlord x3  
  60  11:23  Overlord x2  
  60  11:41  Infested Marine  
  60  11:42  Infested Marine x12  
  65  13:18  Infested Marine x4  
  65  13:19  Infested Marine x24  
  80  13:20  Infested Marine x4  
  80  13:23  Overlord x8  
  80  13:24  Overlord x2  
  84  13:39  Infested SCV  
  85  13:56  Infested Bunker  
  89  14:33  Infested SCV x3  
  92  14:40  Infested Refinery  
  92  14:54  Infested Refinery  
  60  15:16  Unknown  
  60  15:35  Infestation Level 3  
  60  15:44  Infested Marine x3  
  60  15:45  Infested Marine x24  
  87  16:11  Infested Marine  
  87  16:12  Infested Marine x16  
  87  16:13  Infested Marine x13  
  87  16:19  Calcified Armor  
  105  17:18  Infested Marine  
  105  17:19  Stukov Infantry Weapons Level 2, Infested Marine x15  
  88  17:43  Infested Marine  
  88  17:44  Infested Marine x16  
  88  17:45  Infested Marine x4  
  97  17:54  Aggressive Incubation  
  97  17:56  Overlord  
  97  18:09  Infested Barracks  
  97  18:17  Infested Barracks  
  64  19:25  Infested Marine  
  64  19:26  Infested Marine x11  
  64  19:27  Infested Marine x24  
  64  19:28  Infested Marine x14  
  110  19:35  Infested Marine x5  
  110  19:36  Infested Marine x24  
  110  19:37  Infested Marine x17  
  155  20:29  Stukov Infantry Armor Level 2  
  155  20:43  Infested Marine x2  
  155  20:44  Infested Marine x13  
  75  21:29  Infested Marine  
  76  21:30  Infested Marine x17  
  76  21:31  Infested Marine x13  
  76  21:33  Infested SCV x3  
  76  21:34  Infested SCV x2  
  94  22:47  Infested Marine x6  
  94  22:48  Infested Marine x17  
  94  22:49  Infested Marine x7  
  95  23:38  Stukov Infantry Weapons Level 3  
  95  23:48  Infested Marine  
  95  23:49  Infested Marine x21  
  117  23:50  Infested Marine x23  
  117  23:51  Infested Marine x12  
  122  24:30  Infested Marine  
  122  24:31  Infested Marine x9  
  122  24:32  Infested Marine x20  
  122  24:33  Infested Marine x18  
  122  24:34  Infested Marine x16  
  186  25:05  Infested Marine  
  186  25:06  Infested Marine x13  
  79  26:26  Infested Marine  
  79  26:27  Infested Marine x19  
  79  26:28  Infested Marine x25  
  79  26:29  Infested Marine x7  
  117  26:52  Infested Marine x8  
  117  26:53  Infested Marine x20  
  117  26:54  Infested Marine x2  
  117  26:55  Infested Marine  
  117  26:56  Infested Marine x5  
  153  27:37  Infested Marine x9  
  153  27:38  Infested Marine x11  
  172  28:06  Infested Marine  
  172  28:07  Infested Marine x15  
  172  28:08  Infested Marine x12  
  118  28:31  Infested Marine x3  
  118  28:32  Infested Marine x19  
  118  28:33  Infested Marine x5  
  140  28:43  Infested Marine  
  140  28:44  Infested Marine x14  
  140  28:45  Infested Marine x9  
  163  29:13  Infested Marine  
  163  29:14  Infested Marine x23  
  163  29:15  Infested Marine x11  
  179  29:39  Infested Marine  
  180  29:43  Infested Marine  
  180  29:45  Infested Marine  
  180  29:46  Infested Marine  
Tags
 
Add a new tag
Caveats
  • Supply blocks, unpowered buildings, or Contaminate may cause inaccurate times.
  • Supply counts are checked every 10 seconds.